SL
TOLEDO TITANS @ WIZARDING EXPRESS
07/31/2025
 
TOP OF THE 1ST
Toledo Titans batting - Pitching for Wizarding Express : RHP Gabe Stephenson
Pitching: RHP Gabe Stephenson
Batting: LHB Chris West 0-0: Foul Ball, location: 2F
0-1: Foul Ball, location: 2F
0-2: Strikes out swinging
Batting: RHB Gerald Clark 0-0: Ball
1-0: Hit by Pitch
Batting: LHB Yannick Hendriksen 0-0: Ball
1-0: Swinging Strike
1-1: Foul Ball, location: 2F
1-2: Grounds into double play, 4-6-3 (Groundball, 4)
Top of the 1st over - 0 run(s), 0 hit(s), 0 error(s), 0 left on base; Toledo 0 - Wizarding 0
BOTTOM OF THE 1ST
Wizarding Express batting - Pitching for Toledo Titans : RHP Francis McBride
Pitching: RHP Francis McBride
Batting: RHB Chi-ju Zhang 0-0: Called Strike
0-1: Ball
1-1: Ball
2-1: Fly out, F2 (Popup, 23)
Batting: RHB Steve Duncan 0-0: Ball
1-0: Called Strike
1-1: Ball
2-1: Fly out, F9 (Flyball, 89S)
Batting: RHB António Martínez 0-0: Ball
1-0: Foul Ball, location: 2F
1-1: Foul Ball, location: 2F
1-2: Foul Ball, location: 2F
1-2: Ball
2-2: Foul Ball, location: 2F
2-2: Ball
3-2: SINGLE (Flyball, 89S)
Batting: LHB Nathan Tanner 0-0: Ball
1-0: Foul Ball, location: 2F
1-1: Ball
2-1: Foul Ball, location: 2F
2-2: Ground out 5-3 (Groundball, 56S)
Bottom of the 1st over - 0 run(s), 1 hit(s), 0 error(s), 1 left on base; Toledo 0 - Wizarding 0
TOP OF THE 2ND
Toledo Titans batting - Pitching for Wizarding Express : RHP Gabe Stephenson
Batting: RHB Enrique Pérez 0-0: Ball
1-0: Called Strike
1-1: Ground out 3-1 (Groundball, 34S)
Batting: LHB Jorge Flores 0-0: Ball
1-0: Foul Ball, location: 2F
1-1: Ball
2-1: Fly out, F7 (Flyball, 7LS)
Batting: RHB Kade Knowles 0-0: Called Strike
0-1: Called Strike
0-2: Fly out, F6 (Line Drive, 6M)
Top of the 2nd over - 0 run(s), 0 hit(s), 0 error(s), 0 left on base; Toledo 0 - Wizarding 0
BOTTOM OF THE 2ND
Wizarding Express batting - Pitching for Toledo Titans : RHP Francis McBride
Batting: RHB Rafael Arredondo 0-0: Foul Ball, location: 2F
0-1: Ball
1-1: Ground out 5-3 (Groundball, 56S)
Batting: RHB Carlos Ortega 0-0: Ball
1-0: Swinging Strike
1-1: Swinging Strike
1-2: Foul Ball, location: 2F
1-2: Ball
2-2: Foul Ball, location: 2F
2-2: Strikes out swinging
Batting: RHB Bob McNeil 0-0: Called Strike
0-1: Ground out 5-3 (Groundball, 56)
Bottom of the 2nd over - 0 run(s), 0 hit(s), 0 error(s), 0 left on base; Toledo 0 - Wizarding 0
TOP OF THE 3RD
Toledo Titans batting - Pitching for Wizarding Express : RHP Gabe Stephenson
Batting: RHB Alfredo Martínez 0-0: Ball
1-0: Ball
2-0: Ball
3-0: Called Strike
3-1: Called Strike
3-2: Strikes out swinging
Batting: RHB Pil-joong Pak 0-0: Called Strike
0-1: Foul Ball, location: 2F
0-2: Ball
1-2: Foul Ball, location: 2F
1-2: Strikes out swinging
Batting: RHB Mike Burns 0-0: Ball
1-0: Ball
2-0: Called Strike
2-1: Foul Ball, location: 2F
2-2: Ground out 5-3 (Groundball, 56)
Top of the 3rd over - 0 run(s), 0 hit(s), 0 error(s), 0 left on base; Toledo 0 - Wizarding 0
BOTTOM OF THE 3RD
Wizarding Express batting - Pitching for Toledo Titans : RHP Francis McBride
Batting: RHB Ed Whitaker 0-0: Ball
1-0: Foul Ball, location: 2F
1-1: Ball
2-1: Fly out, F8 (Flyball, 8LM)
Batting: RHB Tenshin Ichikawa 0-0: Called Strike
0-1: Ball
1-1: Ball
2-1: Ball
3-1: Foul Ball, location: 2F
3-2: Strikes out swinging
Batting: RHB Chi-ju Zhang 0-0: Foul Ball, location: 2F
0-1: Ball
1-1: Swinging Strike
1-2: Ball
2-2: SINGLE (Groundball, 6MD)
Batting: RHB Steve Duncan 0-0: Ball
1-0: Ball
2-0: Ground out 1-3 (Groundball, 13S)
Bottom of the 3rd over - 0 run(s), 1 hit(s), 0 error(s), 1 left on base; Toledo 0 - Wizarding 0
TOP OF THE 4TH
Toledo Titans batting - Pitching for Wizarding Express : RHP Gabe Stephenson
Batting: LHB Chris West 0-0: Ball
1-0: Ball
2-0: Foul Ball, location: 2F
2-1: Ground out 5-3 (Groundball, 56)
Batting: RHB Gerald Clark 0-0: Ball
1-0: Ground out 5-3 (Groundball, 56)
Batting: LHB Yannick Hendriksen 0-0: Ball
1-0: Called Strike
1-1: Called Strike
1-2: Ball
2-2: Fly out, F6 (Popup, 6MD)
Top of the 4th over - 0 run(s), 0 hit(s), 0 error(s), 0 left on base; Toledo 0 - Wizarding 0
BOTTOM OF THE 4TH
Wizarding Express batting - Pitching for Toledo Titans : RHP Francis McBride
Batting: RHB António Martínez 0-0: Called Strike
0-1: Swinging Strike
0-2: Ball
1-2: Strikes out swinging
Batting: LHB Nathan Tanner 0-0: Swinging Strike
0-1: Ball
1-1: Foul Ball, location: 2F
1-2: Fly out, F7 (Flyball, 7S)
Pitching: RHP Jaime Venditti
Batting: RHB Rafael Arredondo 0-0: Ball
1-0: Ball
2-0: Fly out, F8 (Flyball, 8LD)
Bottom of the 4th over - 0 run(s), 0 hit(s), 0 error(s), 0 left on base; Toledo 0 - Wizarding 0
TOP OF THE 5TH
Toledo Titans batting - Pitching for Wizarding Express : RHP Gabe Stephenson
Batting: RHB Enrique Pérez 0-0: Ball
1-0: Foul Ball, location: 2F
1-1: Ball
2-1: Ball
3-1: Base on Balls
Batting: LHB Jorge Flores 0-0: Foul Ball, location: 2F
0-1: Ball
1-1: SINGLE (Line Drive, 9S)
Enrique Pérez to second
Batting: RHB Kade Knowles 0-0: Fielders Choice at 2nd, 5-4 (Groundball, 56)
Enrique Pérez to third
Batting: RHB Alfredo Martínez 0-0: Ball
1-0: Ball
2-0: Ground out 5-3 (Groundball, 56S)
Kade Knowles to second
Batting: RHB Pil-joong Pak 0-0: Ball
1-0: Called Strike
1-1: Called Strike
1-2: Foul Ball, location: 2F
1-2: Fly out, F4 (Popup, 4S)
Top of the 5th over - 0 run(s), 1 hit(s), 0 error(s), 2 left on base; Toledo 0 - Wizarding 0
BOTTOM OF THE 5TH
Wizarding Express batting - Pitching for Toledo Titans : RHP Jaime Venditti
Batting: RHB Carlos Ortega 0-0: Ball
1-0: Ball
2-0: Ground out U3 (Groundball, 34)
Batting: RHB Bob McNeil 0-0: Swinging Strike
0-1: Called Strike
0-2: Strikes out swinging
Batting: RHB Ed Whitaker 0-0: Swinging Strike
0-1: Ball
1-1: Foul Ball, location: 2F
1-2: Foul Ball, location: 2F
1-2: Ball
2-2: Ball
3-2: Ground out 5-3 (Groundball, 56S)
Bottom of the 5th over - 0 run(s), 0 hit(s), 0 error(s), 0 left on base; Toledo 0 - Wizarding 0
TOP OF THE 6TH
Toledo Titans batting - Pitching for Wizarding Express : RHP Gabe Stephenson
Batting: RHB Mike Burns 0-0: Ball
1-0: Called Strike
1-1: Called Strike
1-2: Strikes out swinging
Batting: LHB Chris West 0-0: Foul Ball, location: 2F
0-1: Ball
1-1: Fly out, F2 (Popup, 23)
Batting: RHB Gerald Clark 0-0: Ground out 6-3 (Groundball, 6)
Top of the 6th over - 0 run(s), 0 hit(s), 0 error(s), 0 left on base; Toledo 0 - Wizarding 0
BOTTOM OF THE 6TH
Wizarding Express batting - Pitching for Toledo Titans : RHP Jaime Venditti
Batting: RHB Tenshin Ichikawa 0-0: Swinging Strike
0-1: Ball
1-1: Fly out, F2 (Popup, 3S)
Batting: RHB Chi-ju Zhang 0-0: SINGLE (Line Drive, 4D)
Batting: RHB Steve Duncan 0-0: Ball
1-0: Foul Ball, location: 2F
1-1: Ball
Chi-ju Zhang steals 2nd base
2-1: Ball
3-1: Fly out, F7 (Line Drive, 7D)
Runner from 2nd tags up, SAFE at 3rd, no throw
Batting: RHB António Martínez 0-0: Ball
1-0: Ball
2-0: Called Strike
2-1: Fly out, F5 (Line Drive, 56)
Bottom of the 6th over - 0 run(s), 1 hit(s), 0 error(s), 1 left on base; Toledo 0 - Wizarding 0
TOP OF THE 7TH
Toledo Titans batting - Pitching for Wizarding Express : RHP Gabe Stephenson
Batting: LHB Yannick Hendriksen 0-0: Called Strike
0-1: Foul Ball, location: 2F
0-2: Ball
1-2: Fly out, F4 (Popup, 4)
Batting: RHB Enrique Pérez 0-0: Ball
1-0: Swinging Strike
1-1: Ball
2-1: Called Strike
2-2: Ball
3-2: Fly out, F7 (Flyball, 78M)
Batting: LHB Jorge Flores 0-0: Foul Ball, location: 2F
0-1: Swinging Strike
0-2: Ball
1-2: Strikes out looking
Top of the 7th over - 0 run(s), 0 hit(s), 0 error(s), 0 left on base; Toledo 0 - Wizarding 0
BOTTOM OF THE 7TH
Wizarding Express batting - Pitching for Toledo Titans : RHP Jaime Venditti
Batting: LHB Nathan Tanner 0-0: Ball
1-0: Swinging Strike
1-1: Hit by Pitch
Batting: RHB Rafael Arredondo 0-0: Ball
1-0: Foul Ball, location: 2F
1-1: Grounds into double play, 5-4-3 (Groundball, 56)
Batting: RHB Carlos Ortega 0-0: SINGLE (Flyball, 8LS)
Batting: RHB Bob McNeil 0-0: Ball
1-0: Swinging Strike
1-1: Ball
Carlos Ortega is caught stealing 2nd base
Bottom of the 7th over - 0 run(s), 1 hit(s), 0 error(s), 0 left on base; Toledo 0 - Wizarding 0
TOP OF THE 8TH
Toledo Titans batting - Pitching for Wizarding Express : RHP Gabe Stephenson
Batting: RHB Kade Knowles 0-0: Foul Ball, location: 2F
0-1: SINGLE (Line Drive, 56D)
Batting: RHB Alfredo Martínez 0-0: Ball
1-0: Sac Bunt - play at first, batter OUT! 1-4
Kade Knowles to second
Batting: RHB Pil-joong Pak 0-0: Ball
1-0: Swinging Strike
1-1: Ball
2-1: Foul Ball, location: 2F
2-2: Foul Ball, location: 2F
2-2: Ground out 6-3 (Groundball, 6)
Kade Knowles to third
Batting: RHB Mike Burns 0-0: Ball
1-0: Ground out 6-3 (Groundball, 6)
Top of the 8th over - 0 run(s), 1 hit(s), 0 error(s), 1 left on base; Toledo 0 - Wizarding 0
BOTTOM OF THE 8TH
Wizarding Express batting - Pitching for Toledo Titans : RHP Jaime Venditti
Batting: RHB Bob McNeil 0-0: Ball
1-0: Ball
2-0: Foul Ball, location: 2F
2-1: SINGLE (Flyball, 8LS)
Batting: RHB Ed Whitaker 0-0: Swinging Strike
0-1: Ball
1-1: Grounds into double play, 6-4-3 (Groundball, 6)
Pinch Hitting: LHB Michael Smith 0-0: Called Strike
0-1: Swinging Strike
0-2: Ball
1-2: Ball
2-2: Foul Ball, location: 2F
2-2: Foul Ball, location: 2F
2-2: Ball
3-2: Fly out, F7 (Flyball, 7S)
Bottom of the 8th over - 0 run(s), 1 hit(s), 0 error(s), 0 left on base; Toledo 0 - Wizarding 0
TOP OF THE 9TH
Toledo Titans batting - Pitching for Wizarding Express : RHP Gabe Stephenson
Now at SS: Michael Montgomery
Batting: LHB Chris West 0-0: Ball
1-0: Swinging Strike
1-1: Foul Ball, location: 2F
1-2: Ball
2-2: Foul Ball, location: 2F
2-2: Strikes out swinging
Batting: RHB Gerald Clark 0-0: Ground out 1-3 (Groundball, 15S)
Batting: LHB Yannick Hendriksen 0-0: Called Strike
0-1: Ball
1-1: Ball
2-1: Foul Ball, location: 2F
2-2: Ball
3-2: Ground out 5-3 (Groundball, 56D)
Top of the 9th over - 0 run(s), 0 hit(s), 0 error(s), 0 left on base; Toledo 0 - Wizarding 0
BOTTOM OF THE 9TH
Wizarding Express batting - Pitching for Toledo Titans : RHP Jaime Venditti
Pitching: RHP Ricardo Gómez
Batting: RHB Chi-ju Zhang 0-0: Called Strike
0-1: Called Strike
0-2: Fly out, F2 (Popup, 25)
Batting: RHB Steve Duncan 0-0: Ball
1-0: Foul Ball, location: 2F
1-1: Ground out 6-3 (Groundball, 6)
Batting: RHB António Martínez 0-0: Called Strike
0-1: Ball
1-1: Swinging Strike
1-2: Ball
2-2: Fly out, F6 (Popup, 56D)
Bottom of the 9th over - 0 run(s), 0 hit(s), 0 error(s), 0 left on base; Toledo 0 - Wizarding 0
TOP OF THE 10TH
Toledo Titans batting - Pitching for Wizarding Express : RHP Gabe Stephenson
Batting: RHB Enrique Pérez 0-0: Called Strike
0-1: Ball
1-1: Swinging Strike
1-2: Strikes out swinging
Batting: LHB Jorge Flores 0-0: Ball
1-0: Ball
2-0: Ball
3-0: Called Strike
3-1: Called Strike
3-2: Base on Balls
Pitching: RHP Jackson Haines
Batting: RHB Kade Knowles 0-0: Foul Ball, location: 2F
0-1: Called Strike
0-2: Strikes out swinging
Batting: RHB Alfredo Martínez 0-0: Called Strike
Jorge Flores steals 2nd base
0-1: Ball
1-1: SINGLE (Line Drive, 78S)
Jorge Flores to third
Runner from 3rd tries for Home, SAFE, no throw
Batting: RHB Pil-joong Pak 0-0: Called Strike
Alfredo Martínez steals 2nd base
0-1: Swinging Strike
0-2: Strikes out looking
Top of the 10th over - 1 run(s), 1 hit(s), 0 error(s), 1 left on base; Toledo 1 - Wizarding 0
BOTTOM OF THE 10TH
Wizarding Express batting - Pitching for Toledo Titans : RHP Ricardo Gómez
Pitching: LHP Brandeis Vogt
Batting: LHB Nathan Tanner 0-0: Ball
1-0: Swinging Strike
1-1: Ground out U3 (Groundball, 34S)
Batting: RHB Rafael Arredondo 0-0: Ball
1-0: Called Strike
1-1: Swinging Strike
1-2: Ball
2-2: Foul Ball, location: 2F
2-2: Ground out 6-3 (Groundball, 6)
Batting: RHB Carlos Ortega 0-0: Called Strike
0-1: Swinging Strike
0-2: Strikes out looking
Bottom of the 10th over - 0 run(s), 0 hit(s), 0 error(s), 0 left on base; Toledo 1 - Wizarding 0
Friday, December 30th, 2016 - OOTP Baseball 17.12 Build 75